[Event "*** Titled Tuesday Blitz"]
[Site "Chess.com"]
[Date "2020.04.21"]
[Round "8"]
[White "Filip_Covic"]
[Black "picturesquecheck"]
[Result "0-1"]
[WhiteElo "2277"]
[BlackElo "2201"]
[TimeControl "180+1"]
[EndTime "11:36:57 PDT"]
[Termination "picturesquecheck won by resignation"]

1. d4 Nf6 2. c4 e6 3. Nf3 d5 4. Nc3 dxc4 5. e3 a6 6. a4 c5 7. Bxc4 cxd4 8. exd4 Be7 9. O-O O-O 10. Qe2 b6 11.
Bg5 Bb7 12. Rad1 Qc7 13. Bb3 Nc6 14. Ne5 Na5 15. Bc2 Rac8 16. Qd3 g6 17. f4 Nc6 18.
Qh3 Rfd8 19. Nxf7 Kxf7 20. Bxf6 Bxf6 21. Qxh7+ Kf8 22. Qxg6 Qg7 23. Qxg7+ Kxg7 24. d5 Nd4 25. Bb3 Nxb3 0-1

[Event "*** Titled Tuesday Blitz"]
[Site "Chess.com"]
[Date "2020.04.21"]
[Round "8"]
[White "nocnypako"]
[Black "ErikRonka"]
[Result "1-0"]
[WhiteElo "2586"]
[BlackElo "2421"]
[TimeControl "180+1"]
[EndTime "11:37:01 PDT"]
[Termination "nocnypako won by checkmate"]

1. d4 d5 2. c4 c6 3. Nc3 Nf6 4.
Nf3 e6 5. Bg5 dxc4 6. e4 b5 7.
e5 h6 8. Bh4 g5 9. Nxg5 hxg5 10.
Bxg5 Nbd7 11. g3 Qb6 12. exf6 Bb7 13. Bg2 O-O-O 14. O-O c5 15. d5 b4 16. Na4 Qb5 17.
a3 Nb8 18. axb4 cxb4 19. Qd4 Nc6 20. dxc6 Rxd4 21. cxb7+ Kb8 22. Be3 e5 23. Rfc1 Bc5 24. Nxc5 Qxc5 25. Ra6 Rhd8 26. Bxd4 exd4 27. Rc6 Qxc6 28.
Bxc6 c3 29. bxc3 dxc3 30. h4 Rd6 31. Be4 Rxf6 32. Kf1 a5 33. Ke2 a4 34. Rd1 Rb6 35.
Rd8+ Ka7 36. Ra8# 1-0

[Event "*** Titled Tuesday Blitz"]
[Site "Chess.com"]
[Date "2020.04.21"]
[Round "8"]
[White "12teen"]
[Black "vovachesss"]
[Result "1-0"]
[WhiteElo "2770"]
[BlackElo "2624"]
[TimeControl "180+1"]
[EndTime "11:37:02 PDT"]
[Termination "12teen won by resignation"]

1. g3 e5 2. Bg2 h5 3. Nc3 h4 4. g4 h3 5. Nxh3 d5 6. e3 Nf6 7. f3 d4 8. exd4 exd4 9. Ne2 d3 10. cxd3 Nc6 11. O-O Bc5+ 12. Kh1 Qd6 13. d4 Nxd4 14. b4 Bb6 15. Bb2 Bd7 16. Nxd4 Bxd4 17. Bxd4 Qxd4 18. Qe2+ Kf8 19. Qe3 Qd6 20. Qc5 Qxc5 21. bxc5 Bc6 22. d4 Rd8 23. Rad1 Nd5 24. Rfe1 Nf4 25. Nxf4 1-0

[Event "*** Titled Tuesday Blitz"]
[Site "Chess.com"]
[Date "2020.04.21"]
[Round "8"]
[White "AlexOstrovskiy"]
[Black "HaryKane"]
[Result "1-0"]
[WhiteElo "2518"]
[BlackElo "2665"]
[TimeControl "180+1"]
[EndTime "11:37:03 PDT"]
[Termination "AlexOstrovskiy won by resignation"]

1. d4 e6 2. Bf4 f5 3. e3 Nf6 4.
Nf3 b6 5. Nbd2 Bb7 6. Bd3 Bd6 7. Bxd6 cxd6 8. c3 d5 9. a4 Nc6 10. b4 Ne4 11. Qb3 Rc8 12. a5 Ne7 13. c4 dxc4 14.
Nxc4 d5 15. Nce5 O-O 16. Qb2 bxa5 17. bxa5 Rb8 18. Qa3 Nc6 19. O-O Ba8 20. Rfc1 Nxe5 21. Nxe5 Qh4 22. g3 Qh5 23. Bxe4 fxe4 24. Nd7 Qe2 25. Nxf8 Rxf8 26. Ra2 Qg4 27. Rac2 Bb7 28. a6 Ba8 29. Rc8 1-0

[Event "*** Titled Tuesday Blitz"]
[Site "Chess.com"]
[Date "2020.04.21"]
[Round "8"]
[White "Grieve72"]
[Black "flomarechot"]
[Result "1-0"]
[WhiteElo "2330"]
[BlackElo "2105"]
[TimeControl "180+1"]
[EndTime "11:37:05 PDT"]
[Termination "Grieve72 won by resignation"]

1. e4 c5 2. Nf3 e6 3. d4 cxd4 4. Nxd4 Nf6 5. Nc3 a6 6. Be3 Qc7 7. f3 Bb4 8. Qd2 Bxc3 9. bxc3 d6 10. g4 Nbd7 11. g5 Nh5 12. Be2 g6 13. f4 e5 14. Bxh5 gxh5 15. Nf5 O-O 16. O-O Nc5 17. Nxd6 Rd8 18. fxe5 Nxe4 19. Qd4 Nxd6 20. Rad1 Bh3 21. exd6 Qc6 22. Rf2 Rac8 23. Qf6 Qe4 24. Qxf7+ Kh8 25. Bd4+ 1-0

[Event "*** Titled Tuesday Blitz"]
[Site "Chess.com"]
[Date "2020.04.21"]
[Round "8"]
[White "2165149677570"]
[Black "enriquetejedor"]
[Result "1-0"]
[WhiteElo "2357"]
[BlackElo "2504"]
[TimeControl "180+1"]
[EndTime "11:37:08 PDT"]
[Termination "2165149677570 won on time"]

1. e4 c5 2. Nf3 Nc6 3. Bb5 d6 4. O-O Bd7 5. Re1 Nf6 6. c3 e6 7. d4 cxd4 8. cxd4 d5 9. e5 Ne4 10. Bd3 Nb4 11. Bxe4 dxe4 12. Rxe4 Bc6 13. Rg4 h5 14.
Rg3 h4 15. Bg5 f6 16. exf6 gxf6 17. Bxh4 Bxf3 18. Qxf3 Rxh4 19. Nc3 Qxd4 20. Rd1 Qe5 21. Qxb7 Rd8 22. Rxd8+ Kxd8 23. h3 Qe1+ 24. Kh2 Bd6 25. Qa8+ Kc7 26. Nb5+ Kb6 27. Nxd6 1-0

[Event "*** Titled Tuesday Blitz"]
[Site "Chess.com"]
[Date "2020.04.21"]
[Round "8"]
[White "Kingsman132"]
[Black "Savagelittlemole"]
[Result "0-1"]
[WhiteElo "2501"]
[BlackElo "2680"]
[TimeControl "180+1"]
[EndTime "11:37:09 PDT"]
[Termination "Savagelittlemole won by checkmate"]

1. e4 c5 2. Nf3 d6 3. d4 cxd4 4. Nxd4 Nf6 5. Nc3 a6 6. Qf3 Nbd7 7. Bf4 e5 8. Bd2 exd4 9. Nd5 Nxd5 10. exd5 Be7 11.
Bd3 Ne5 12. Qe4 Nxd3+ 13. Qxd3 O-O 14. O-O-O Bf6 15. f3 Bd7 16. h4 Rc8 17. g4 Bb5 18.
Qf5 d3 19. c3 Qa5 20. Kb1 Ba4 21. Rde1 Bc2+ 22. Ka1 Bb3 23. a3 Bxc3 24. Bxc3 Rxc3 25. h5 Bc2 26. Ka2 Qa4 27. Rb1 Bb3+ 28. Ka1 Rc2 29. Rbg1 Bc4 30. h6 Qb3 31. hxg7 Qa2# 0-1

[Event "*** Titled Tuesday Blitz"]
[Site "Chess.com"]
[Date "2020.04.21"]
[Round "8"]
[White "Leonid_Starozhilov"]
[Black "Spring199"]
[Result "1-0"]
[WhiteElo "2641"]
[BlackElo "2403"]
[TimeControl "180+1"]
[EndTime "11:37:09 PDT"]
[Termination "Leonid_Starozhilov won on time"]

1. b3 e5 2. Bb2 d6 3. e3 g6 4. c4 Bg7 5. g3 Ne7 6. Bg2 O-O 7.
Ne2 f5 8. O-O c6 9. Nbc3 Nd7 10.
d4 Nf6 11. c5 exd4 12. cxd6 Qxd6 13. Nxd4 Ned5 14. Ndb5 cxb5 15. Nxd5 Nxd5 16. Qxd5+ Qxd5 17. Bxd5+ Kh8 18. Bxg7+ Kxg7 19. Rac1 Rd8 20. Rc7+ 1-0

[Event "*** Titled Tuesday Blitz"]
[Site "Chess.com"]
[Date "2020.04.21"]
[Round "8"]
[White "LikeWater"]
[Black "Philosopherrr"]
[Result "1-0"]
[WhiteElo "2672"]
[BlackElo "2491"]
[TimeControl "180+1"]
[EndTime "11:37:10 PDT"]
[Termination "LikeWater won on time"]

1. e4 e5 2. Nf3 Nc6 3. Bc4 Bc5 4. c3 Nf6 5. d3 O-O 6. O-O d6 7. Bb3 h6 8. h3 a5 9. Nbd2 Nh5 10. Nxe5 dxe5 11.
Qxh5 Qxd3 12. Bc4 Qg3 13. Nf3 Be6 14. Bd5 Rae8 15. Bxc6 bxc6 16. Qxe5 Qxe5 17. Nxe5 Bxh3 18. Nd3 Bxg2 19. Kxg2 1-0

[Event "*** Titled Tuesday Blitz"]
[Site "Chess.com"]
[Date "2020.04.21"]
[Round "8"]
[White "GamayevOleg"]
[Black "Corpescador"]
[Result "1-0"]
[WhiteElo "2539"]
[BlackElo "2387"]
[TimeControl "180+1"]
[EndTime "11:37:12 PDT"]
[Termination "GamayevOleg won by resignation"]

1. d3 d5 2. e4 e6 3. Nf3 Nf6 4. Nbd2 Be7 5. Be2 c5 6. c3 Nc6 7. exd5 Nxd5 8. Nb3 b6 9. O-O Bb7 10. a4 O-O 11. Re1 Qc7 12. Qc2 Rad8 13. Bf1 h6 14. Nfd2 Nf4 15. Ne4 f5 16. Ned2 Ne5 17. Re3 Ng4 18.
Rg3 Bh4 19. Nf3 Bxg3 20. hxg3 Nd5 21. Nbd2 e5 22. Nc4 Rde8 23. Bd2 Rf6 24. Re1 Rfe6 25.
Nh4 Qf7 26. f3 g5 27. fxg4 gxh4 28. gxf5 Qxf5 29. gxh4 Nf4 30. Bxf4 exf4 31. Nd6 Qd5 32. Nxe8 Rxe1 33. Nf6+ Kf7 34. Nxd5 Bxd5 35. Qf2 Re6 1-0

[Event "*** Titled Tuesday Blitz"]
[Site "Chess.com"]
[Date "2020.04.21"]
[Round "8"]
[White "Alexander_Donchenko"]
[Black "Maybe00"]
[Result "1/2-1/2"]
[WhiteElo "2795"]
[BlackElo "2660"]
[TimeControl "180+1"]
[EndTime "11:37:13 PDT"]
[Termination "Game drawn by agreement"]

1. c4 c6 2. Nf3 d5 3. g3 Bg4 4.
Bg2 e6 5. h3 Bh5 6. O-O Nf6 7. d4 Nbd7 8. Nc3 Bd6 9. Qb3 Rb8 10. cxd5 exd5 11. Nh4 Bg6 12. Bg5 Qb6 13. Nxg6 hxg6 14. Rfd1 Qxb3 15. axb3 a6 16. h4 O-O 17.
Bd2 Rfe8 18. e3 Ne4 19. Nxe4 dxe4 20. d5 cxd5 21. Bc3 Nf6 22. Bxf6 gxf6 23. Rxd5 Be5 24.
Rd2 f5 25. Bf1 Red8 26. Rad1 Bf6 27. Rxd8+ Rxd8 28. Rxd8+ Bxd8 29. b4 b5 30. Be2 Be7 31. g4 Bxh4 32. gxf5 gxf5 33. f3 Be7 34. fxe4 fxe4 35.
Bg4 Bxb4 36. Bc8 a5 37. Bd7 Bc5 38. Kf2 b4 39. b3 Kg7 40. Bf5 Kf6 41. Bxe4 Ke5 42. Bc6 f5 43. Ke2 1/2-1/2

[Event "*** Titled Tuesday Blitz"]
[Site "Chess.com"]
[Date "2020.04.21"]
[Round "8"]
[White "colegiodemadrid"]
[Black "HouseOfDurin"]
[Result "1-0"]
[WhiteElo "2303"]
[BlackElo "2098"]
[TimeControl "180+1"]
[EndTime "11:37:13 PDT"]
[Termination "colegiodemadrid won on time"]

1. e4 c5 2. Nf3 Nc6 3. d4 cxd4 4. Nxd4 e5 5. Nb5 d6 6. c4 Be6 7. Bd3 Rc8 8. O-O Nf6 9. N1c3 a6 10. Na3 Be7 11. Nc2 Na5 12. b3 b5 13. Nb4 bxc4 14.
bxc4 Nxc4 15. Qa4+ Nd7 16. Ncd5 O-O 17. Nc6 Rxc6 18.
Qxc6 Bxd5 19. exd5 Ncb6 20. Be3 Qc8 21. Rfc1 Qxc6 22.
dxc6 Nc5 23. Bxc5 dxc5 24. Bxa6 Rb8 25. Rab1 1-0

[Event "*** Titled Tuesday Blitz"]
[Site "Chess.com"]
[Date "2020.04.21"]
[Round "8"]
[White "DucksParadise"]
[Black "narutosmith"]
[Result "0-1"]
[WhiteElo "2070"]
[BlackElo "2258"]
[TimeControl "180+1"]
[EndTime "11:37:15 PDT"]
[Termination "narutosmith won by resignation"]

1. e4 c5 2. Be2 Nc6 3. f4 g6 4.
Nf3 Bg7 5. c3 d5 6. d3 e6 7. O-O Nge7 8. a4 O-O 9. Na3 a6 10.
Nc2 Rb8 11. Be3 b6 12. Qe1 Bb7 13. Qh4 Qc7 14. f5 exf5 15. Bh6 dxe4 16. Ng5 Qe5 17. Nxh7 Bxh6 18. Qxh6 Qh8 0-1

[Event "*** Titled Tuesday Blitz"]
[Site "Chess.com"]
[Date "2020.04.21"]
[Round "8"]
[White "ElHelvetico"]
[Black "Izoria123"]
[Result "0-1"]
[WhiteElo "2648"]
[BlackElo "2790"]
[TimeControl "180+1"]
[EndTime "11:37:16 PDT"]
[Termination "Izoria123 won by resignation"]

1. e4 c5 2. Nf3 a6 3. c3 e6 4. d4 d5 5. e5 Bd7 6. Bd3 cxd4 7. cxd4 Bb5 8. O-O Bxd3 9. Qxd3 Ne7 10. Nc3 Nec6 11.
Bg5 Be7 12. h4 Nd7 13. Rac1 h6 14. Bxe7 Qxe7 15. h5 O-O 16. Rfe1 Rac8 17. Qd2 Rc7 18.
Re3 Nb6 19. b3 Rfc8 20. Ne1 Qh4 21. Ne2 Nxd4 22. Rxc7 Nxe2+ 23. Qxe2 Rxc7 24. g3 Qd4 25. Kg2 Nd7 26. Nf3 Qg4 27. Qd2 Qxh5 28. Rc3 Rc6 29. Rxc6 bxc6 30. Qc3 c5 31. b4 d4 32. Qc4 Qxf3+ 0-1

[Event "*** Titled Tuesday Blitz"]
[Site "Chess.com"]
[Date "2020.04.21"]
[Round "8"]
[White "Vesper2018"]
[Black "josephymwale33"]
[Result "1-0"]
[WhiteElo "2012"]
[BlackElo "2282"]
[TimeControl "180+1"]
[EndTime "11:37:17 PDT"]
[Termination "Vesper2018 won by checkmate"]

1. e4 e5 2. Nf3 Nc6 3. Bc4 Nf6 4.
d3 d5 5. exd5 Nxd5 6. O-O Bc5 7.
Re1 O-O 8. c3 Be6 9. Nbd2 Nf4 10. Ne4 Bxc4 11. Nxc5 Nxd3 12. Nxd3 Qxd3 13. Qxd3 Bxd3 14.
Nxe5 Nxe5 15. Rxe5 Rfe8 16. Bf4 Rxe5 17. Bxe5 c5 18.
Rd1 c4 19. Bd4 f6 20. Re1 Kf7 21. Bc5 b6 22. Re7+ Kg6 23. Bd4 Rb8 24. g4 a5 25.
h4 h6 26. Kg2 b5 27. h5+ Kg5 28. Kg3 f5 29. Rxg7# 1-0

[Event "*** Titled Tuesday Blitz"]
[Site "Chess.com"]
[Date "2020.04.21"]
[Round "8"]
[White "ZAbdumalik"]
[Black "Mizner"]
[Result "1-0"]
[WhiteElo "2685"]
[BlackElo "2507"]
[TimeControl "180+1"]
[EndTime "11:37:18 PDT"]
[Termination "ZAbdumalik won by resignation"]

1. e4 e6 2. d4 d5 3. Nc3 Nf6 4. e5 Nfd7 5. f4 c5 6. Nf3 Nc6 7. Be3 cxd4 8. Nxd4 Qb6 9. Qd2 Qxb2 10. Rb1 Qa3 11. Bb5 Nxd4 12. Bxd7+ Bxd7 13. Bxd4 Bb4 14. O-O Rc8 15. Rb3 Qa5 16. Rfb1 Bc5 17. Kh1 b6 18. Qe3 Bxd4 19. Qxd4 Rc4 20. Qd3 Rxf4 21. Qg3 Rc4 22. Qxg7 Rf8 23. Ne2 Qd2 24. Ng3 Rxc2 25.
Rg1 Rc1 26. Rb1 Rxb1 27. Rxb1 Qxa2 28. Rg1 Qf2 29. Nh5 Bc6 30. Nf6+ Ke7 31. Qg5 1-0

[Event "*** Titled Tuesday Blitz"]
[Site "Chess.com"]
[Date "2020.04.21"]
[Round "8"]
[White "WonderChampion"]
[Black "andy_rekt"]
[Result "0-1"]
[WhiteElo "1812"]
[BlackElo "2250"]
[TimeControl "180+1"]
[EndTime "11:37:18 PDT"]
[Termination "andy_rekt won by resignation"]

1. e4 c5 2. Nf3 Nc6 3. Bb5 g6 4.
O-O Bg7 5. c3 Nf6 6. Re1 O-O 7.
d4 cxd4 8. cxd4 d5 9. e5 Ne4 10. Nc3 Nxc3 11. bxc3 Na5 12. Bd3 a6 13. Be3 Bd7 14.
Rb1 b5 15. Bd2 Nc4 16. Bxc4 bxc4 17. Be3 Bf5 18. Rb2 Rb8 19. Rxb8 Qxb8 20. Qd2 Qb7 21.
h3 Rb8 22. Bf4 Qb2 23. e6 Qxd2 24. exf7+ Kxf7 25. Nxd2 Rb2 26. Nf3 h6 27. Be5 Bf6 28. Bxf6 exf6 29. Ra1 Rc2 30. Re1 Rxc3 31. a4 Ra3 32.
Nd2 c3 33. Nf3 Rxa4 34. Kh2 Rb4 35. Ra1 c2 36. Rc1 Rb1 37. Rxb1 cxb1=Q 0-1

[Event "*** Titled Tuesday Blitz"]
[Site "Chess.com"]
[Date "2020.04.21"]
[Round "8"]
[White "crazy_but_lazy"]
[Black "GMMatamoros"]
[Result "1/2-1/2"]
[WhiteElo "2380"]
[BlackElo "2526"]
[TimeControl "180+1"]
[EndTime "11:37:19 PDT"]
[Termination "Game drawn by agreement"]

1. d4 Nf6 2. c4 c5 3. Nf3 cxd4 4. Nxd4 e5 5. Nb5 d5 6. cxd5 Bc5 7. N5c3 O-O 8. g3 Qb6 9. e3 Bg4 10. Be2 Bf5 11. O-O Nbd7 12. Na4 Qd6 13. Nxc5 Nxc5 14. Nc3 Rad8 15. b3 Nce4 16. Nxe4 Bxe4 17. Bb2 Nxd5 18. Bf3 Qg6 19. Bxe4 Qxe4 20. Qe2 f6 21. Rfd1 a6 22.
Rac1 Nb4 23. Ba3 a5 24. Bxb4 Qxb4 25. Rxd8 Rxd8 26. Qc4+ Qxc4 27. Rxc4 Rd2 28. Rc7 b5 29. Rc5 Rxa2 30. Rxb5 1/2-1/2

[Event "*** Titled Tuesday Blitz"]
[Site "Chess.com"]
[Date "2020.04.21"]
[Round "8"]
[White "Bacyanide"]
[Black "emperor87"]
[Result "0-1"]
[WhiteElo "2429"]
[BlackElo "2650"]
[TimeControl "180+1"]
[EndTime "11:37:23 PDT"]
[Termination "emperor87 won by resignation"]

1. d4 d5 2. c4 e6 3. Nf3 Nf6 4. Nc3 c6 5. Bg5 Nbd7 6. e3 h6 7. Bh4 Be7 8. Bd3 dxc4 9. Bxc4 b5 10. Bd3 b4 11. Ne2 c5 12. O-O O-O 13. e4 Bb7 14. e5 Nd5 15. Bxe7 Nxe7 16. Ng3 cxd4 17. Ne4 Rb8 18. Qe2 Qa5 19. Nxd4 Nxe5 20. Bc2 N5g6 21. Nb3 Qe5 22. Nbc5 Bc6 23. Bd3 Rbd8 24. Rad1 f5 25. Ng3 Qxc5 26. Qxe6+ Kh8 27. Nxf5 Nxf5 28. Bxf5 Nf4 29.
Qe3 Qxf5 30. Rxd8 Rxd8 31. Rc1 Bxg2 32. Qe7 Rg8 33. Qxa7 Qg4 0-1

[Event "*** Titled Tuesday Blitz"]
[Site "Chess.com"]
[Date "2020.04.21"]
[Round "8"]
[White "fabianvivasz"]
[Black "donotreadit"]
[Result "0-1"]
[WhiteElo "2396"]
[BlackElo "2685"]
[TimeControl "180+1"]
[EndTime "11:37:24 PDT"]
[Termination "donotreadit won on time"]

1. e4 c5 2. Nc3 Nc6 3. Bb5 Nd4 4. Nf3 a6 5. Bd3 e6 6. O-O Nc6 7. Re1 d6 8. Bf1 Nf6 9. d4 cxd4 10. Nxd4 Be7 11.
g3 O-O 12. Bg2 Bd7 13. f4 Rc8 14. Be3 b5 15. Qf3 Qc7 16. Rad1 b4 17. Nce2 Nxd4 18.
Nxd4 e5 19. fxe5 dxe5 20. Nf5 Bxf5 21. Qxf5 Bc5 22. Rd2 Bxe3+ 23. Rxe3 Qc5 24. Kf2 Rc6 25. Ke2 Rfc8 26. Red3 Qg1 27. Rd8+ Ne8 28. Rxc8 Rxc8 29. Qxc8 Qxg2+ 30. Ke3 Qg1+ 0-1

[Event "*** Titled Tuesday Blitz"]
[Site "Chess.com"]
[Date "2020.04.21"]
[Round "8"]
[White "archess2"]
[Black "varacalli"]
[Result "1-0"]
[WhiteElo "2226"]
[BlackElo "2331"]
[TimeControl "180+1"]
[EndTime "11:37:25 PDT"]
[Termination "archess2 won on time"]

1. d4 Nf6 2. c4 c5 3. d5 b5 4.
cxb5 a6 5. b6 Bb7 6. Nc3 e6 7.
e4 exd5 8. exd5 d6 9. a4 a5 10. Bb5+ Nbd7 11. Bg5 Be7 12. Nge2 O-O 13. Ng3 Nxb6 14.
Nf5 Nbxd5 15. Nxd5 Nxd5 16. Nxe7+ Nxe7 17. O-O Qc7 18. Re1 Nc6 19. Bf4 Nd4 20. Rc1 Qb6 21. Qg4 Nxb5 22.
axb5 d5 23. Re7 Rae8 24. Rce1 Rxe7 25. Rxe7 Qxb5 26. Be5 g6 27. Qh4 Ba6 28. h3 Qf1+ 29. Kh2 1-0

[Event "*** Titled Tuesday Blitz"]
[Site "Chess.com"]
[Date "2020.04.21"]
[Round "8"]
[White "InfiniteAdaption"]
[Black "saisree"]
[Result "1-0"]
[WhiteElo "2469"]
[BlackElo "2328"]
[TimeControl "180+1"]
[EndTime "11:37:27 PDT"]
[Termination "InfiniteAdaption won by resignation"]

1. g3 d5 2. Bg2 Nf6 3. b3 c5 4.
Bb2 Nc6 5. e3 Bg4 6. Ne2 e6 7.
h3 Bh5 8. O-O Bd6 9. d3 O-O 10.
Nd2 e5 11. e4 d4 12. f4 exf4 13. gxf4 Nd7 14. Qe1 f6 15. Nc4 Qc7 16. Qh4 Bf7 17. Rf2 b5 18. Nxd6 Qxd6 19. Ng3 Kh8 20. Kh1 c4 21.
Rg1 g6 22. e5 fxe5 23. Ne4 Qe7 24. Ng5 Bg8 25. Bxc6 Rac8 26. Be4 Rf6 27. fxe5 Rxf2 28. Qxf2 Qxe5 29. Bxd4 1-0

[Event "*** Titled Tuesday Blitz"]
[Site "Chess.com"]
[Date "2020.04.21"]
[Round "8"]
[White "KingChess345"]
[Black "Alopekos"]
[Result "1-0"]
[WhiteElo "2126"]
[BlackElo "2359"]
[TimeControl "180+1"]
[EndTime "11:37:27 PDT"]
[Termination "KingChess345 won by resignation"]

1. d4 Nf6 2. Nf3 e6 3. g3 d5 4. Bg2 Be7 5. O-O O-O 6. c4 dxc4 7. Qc2 b5 8. a4 b4 9. Nbd2 Bb7 10.
Nxc4 Be4 11. Qb3 c5 12. Rd1 Nc6 13. dxc5 Na5 14. Nxa5 Qxa5 15. Be3 Ng4 16. Rac1 Nxe3 17. Qxe3 Bc6 18. b3 Rac8 19. Ne5 Bxg2 20. Kxg2 Rxc5 21.
Nc6 Qc7 1-0

[Event "*** Titled Tuesday Blitz"]
[Site "Chess.com"]
[Date "2020.04.21"]
[Round "8"]
[White "Saxar85"]
[Black "Richarzard69"]
[Result "1-0"]
[WhiteElo "2606"]
[BlackElo "2289"]
[TimeControl "180+1"]
[EndTime "11:37:33 PDT"]
[Termination "Saxar85 won on time"]

1. Nf3 d5 2. g3 Nf6 3. Bg2 Bf5 4.
O-O e6 5. c4 c6 6. cxd5 cxd5 7.
Qb3 Qb6 8. Qxb6 axb6 9. Nc3 Be7 10. Nh4 Bg4 11. h3 Bh5 12. g4 Bg6 13. d3 Nc6 14.
Bf4 Nd7 15. Nxg6 hxg6 16. Rac1 g5 17. Bg3 f6 18. Rfd1 Kf7 19. d4 Na5 20. e4 dxe4 21.
Bxe4 Rxh3 22. d5 exd5 23. Bxd5+ Ke8 24. Nb5 Rd8 25. Nc7+ Kf8 26. Ne6+ Ke8 27. Nxg7+ Kf8 28. Ne6+ Ke8 29. Nxd8 Bxd8 30. Rc8 Ne5 31. Bxe5 fxe5 32. Rxd8+ Ke7 33. Rd7+ Kf6 34. Bg2 1-0

[Event "*** Titled Tuesday Blitz"]
[Site "Chess.com"]
[Date "2020.04.21"]
[Round "8"]
[White "ShahMatKanal"]
[Black "semchik73"]
[Result "0-1"]
[WhiteElo "2468"]
[BlackElo "2293"]
[TimeControl "180+1"]
[EndTime "11:37:34 PDT"]
[Termination "semchik73 won by resignation"]

1. Nf3 d5 2. c4 c6 3. b3 Nf6 4.
Bb2 g6 5. Bxf6 exf6 6. cxd5 cxd5 7. g3 Nc6 8. Bg2 Bg7 9. d4 f5 10. e3 O-O 11. O-O Be6 12. Ne1 g5 13. Nc3 f4 14.
Nd3 fxe3 15. fxe3 Nxd4 16. exd4 Bxd4+ 17. Kh1 Bxc3 18. Rc1 Bg7 19. Nc5 Rc8 20. Qh5 Qe7 21.
Nxe6 fxe6 22. Rxc8 Rxc8 23. Bh3 Rf8 24. Re1 e5 25.
Qg4 Re8 26. Qa4 e4 27. Qxa7 d4 28. Bf5 e3 29. Qa4 Rf8 30. Qc4+ Kh8 31. g4 Rxf5 32. gxf5 Qe4+ 33. Kg1 Qg4+ 34. Kh1 Qf3+ 35. Kg1 Qf2+ 36. Kh1 Qxe1+ 37. Kg2 Qf2+ 38. Kh1 Qxf5 0-1

[Event "*** Titled Tuesday Blitz"]
[Site "Chess.com"]
[Date "2020.04.21"]
[Round "8"]
[White "Muguet7"]
[Black "Gyapiking"]
[Result "0-1"]
[WhiteElo "2487"]
[BlackElo "2376"]
[TimeControl "180+1"]
[EndTime "11:37:36 PDT"]
[Termination "Gyapiking won by resignation"]

1. Nf3 d6 2. c4 e5 3. g3 f5 4. d3 Nf6 5. Bg2 Be7 6. Nc3 O-O 7. O-O Qe8 8. Ne1 Nc6 9. Nc2 Qh5 10. b4 f4 11. Nd5 Bh3 12. Nxf6+ Rxf6 13. Ne1 Rh6 14.
Nf3 Nd4 15. Re1 Bxg2 16. Kxg2 Qh3+ 17. Kg1 Nxf3+ 18. exf3 Qxh2+ 19. Kf1 fxg3 20. fxg3 Qxg3 21. Bxh6 Rf8 22. Re3 Bh4 23. Qe2 Rf6 24. Qg2 Rxh6 25. Qxg3 Bxg3 26. Kg2 Bf4 27. Re4 Rh2+ 28. Kg1 Rd2 29. c5 Rxd3 30. cxd6 cxd6 31. Rc4 h5 32. Rc7 Rxf3 33. Rxb7 e4 34. Rf1 g5 35. Kg2 Rxf1 36. Kxf1 h4 37. Rxa7 h3 38. b5 e3 39. b6 e2+ 40.
Kxe2 h2 41. b7 d5 42. Ra8+ Kg7 43. Ra7 Bb8 44. Ra8 Bf4 45. Ra7 Bb8 46. Ra8 h1=Q 47. Rxb8 Qh2+ 0-1

[Event "*** Titled Tuesday Blitz"]
[Site "Chess.com"]
[Date "2020.04.21"]
[Round "8"]
[White "Sethu0025"]
[Black "Vuk2000"]
[Result "1-0"]
[WhiteElo "2830"]
[BlackElo "2629"]
[TimeControl "180+1"]
[EndTime "11:37:37 PDT"]
[Termination "Sethu0025 won by resignation"]

1. e4 e6 2. d4 d5 3. Nc3 Bb4 4. e5 c5 5. a3 Bxc3+ 6. bxc3 Ne7 7. Qg4 Qc7 8. Qxg7 Rg8 9. Qxh7 cxd4 10. Ne2 Nbc6 11.
f4 Bd7 12. Qd3 dxc3 13. Qxc3 Nf5 14. h3 d4 15. Qc4 Qb6 16. g4 Nh4 17. Qd3 Na5 18.
Rh2 Rc8 19. Rf2 Rc4 20. Bd2 Rh8 21. Ng3 Qb2 22. Rd1 Rxc2 23. Ne4 Nc4 24. Nf6+ Ke7 25. Bb4+ Qxb4+ 26. axb4 Rxf2 27. Kxf2 Ne3 1-0

[Event "*** Titled Tuesday Blitz"]
[Site "Chess.com"]
[Date "2020.04.21"]
[Round "8"]
[White "Yaacovn"]
[Black "artooon"]
[Result "1-0"]
[WhiteElo "2819"]
[BlackElo "2663"]
[TimeControl "180+1"]
[EndTime "11:37:37 PDT"]
[Termination "Yaacovn won by resignation"]

1. d4 Nf6 2. Nf3 d5 3. c4 c6 4.
cxd5 cxd5 5. Nc3 Nc6 6. Bf4 Bf5 7. Qb3 Qb6 8. Qxb6 axb6 9. e3 e6 10. Bb5 Bb4 11. Ne5 Rc8 12. Rc1 O-O 13. Bxc6 bxc6 14. Ke2 c5 15. Na4 Ra8 16. Nxb6 Rxa2 17. dxc5 Rxb2+ 18.
Kf3 Nh5 19. Ned7 e5 20. Bxe5 Be4+ 21. Kg4 Rxf2 22. Kxh5 Rxg2 23. Rhg1 Bf3+ 24. Kh4 g5+ 25. Kh3 Rxg1 26. Rxg1 g4+ 27. Rxg4+ Bxg4+ 28. Kxg4 Rd8 29.
c6 Ba5 30. c7 Bxb6 31. Nxb6 1-0

[Event "*** Titled Tuesday Blitz"]
[Site "Chess.com"]
[Date "2020.04.21"]
[Round "8"]
[White "ferdipy"]
[Black "ljuks68"]
[Result "0-1"]
[WhiteElo "2217"]
[BlackElo "2341"]
[TimeControl "180+1"]
[EndTime "11:37:37 PDT"]
[Termination "ljuks68 won by resignation"]

1. e4 e6 2. d4 d5 3. e5 c5 4. c3 Nc6 5. Nf3 Qb6 6. a3 c4 7.
Nbd2 Na5 8. Be2 Bd7 9. O-O Ne7 10. Ne1 Nf5 11. g4 Nh4 12. f4 Be7 13. Nef3 Nxf3+ 14.
Bxf3 O-O-O 15. Qe1 f6 16. Kh1 Rhf8 17. b4 cxb3 18. Rb1 fxe5 19. fxe5 Bb5 20. Rf2 Bd3 21. Bb2 Bxb1 22. Qxb1 Nc4 23. Nxc4 dxc4 24. Qxh7 Rxf3 25. Rxf3 Qc6 26. Kg2 Rf8 27. Qh3 Qe4 28. Kf2 Qc2+ 29. Kg3 Qxb2 30. Rxf8+ Bxf8 31. Qh8 Qxa3 32. Qg8 Qe7 33.
Qh7 Kb8 34. h4 a6 35. h5 b2 36. Qc2 Qa3 37. g5 Qb3 38. Qb1 Qxc3+ 39. Kg4 Qxd4+ 40. Kf3 Qd3+ 41. Qxd3 cxd3 42. h6 gxh6 43. gxh6 Bxh6 0-1

[Event "*** Titled Tuesday Blitz"]
[Site "Chess.com"]
[Date "2020.04.21"]
[Round "8"]
[White "Zoffy13"]
[Black "ADODOVE"]
[Result "0-1"]
[WhiteElo "2155"]
[BlackElo "1930"]
[TimeControl "180+1"]
[EndTime "11:37:37 PDT"]
[Termination "ADODOVE won on time"]

1. d4 Nf6 2. Nf3 c5 3. d5 g6 4. c4 Bg7 5. Nc3 e6 6. e4 exd5 7. cxd5 d6 8. h3 O-O 9. Bd3 b5 10. Bxb5 Nxe4 11. Nxe4 Qa5+ 12. Nfd2 Qxb5 13. Nxd6 Qa6 14. N2c4 Nd7 15. O-O Ne5 16. Nxe5 Bxe5 17. Ne4 Bf5 18. Nxc5 Qc4 19. Re1 Rfe8 20. Nb3 Rad8 21.
Na5 Qxd5 22. Qxd5 Rxd5 23. Bd2 Rc8 24. Nb3 Bxb2 25. Rad1 Bc2 0-1

[Event "*** Titled Tuesday Blitz"]
[Site "Chess.com"]
[Date "2020.04.21"]
[Round "8"]
[White "Nikolakis2014"]
[Black "eightbyeightchess"]
[Result "1-0"]
[WhiteElo "2704"]
[BlackElo "2475"]
[TimeControl "180+1"]
[EndTime "11:37:38 PDT"]
[Termination "Nikolakis2014 won by resignation"]

1. Nf3 d5 2. d4 Nf6 3. c4 c6 4.
Nc3 dxc4 5. e4 b5 6. Be2 e6 7.
O-O Nbd7 8. e5 Nd5 9. Ne4 h6 10. a4 a5 11. axb5 cxb5 12. b3 Ba6 13. bxc4 bxc4 14.
Nfd2 c3 15. Nc4 Bxc4 16. Bxc4 Bb4 17. Qg4 Qc7 18. Qxg7 O-O-O 19. Bxd5 exd5 20. Nf6 Nxe5 21. dxe5 Qxe5 22. Qg4+ Kb7 23. Qf3 c2 24. Ba3 Rd6 25. Ng4 Qb2 26. Bxb2 1-0